 Dungeon Crawl Stone Soup version 0.24-a0-537-g2d01d4ab0a (webtiles) character file.

Game seed: 10429303969582527868

175381 Peloso the Peltast (level 17, -14/160 HPs)
             Began as a Minotaur Fighter on Aug 14, 2019.
             Was the Champion of Okawaru.
             Killed from afar by a starcursed mass (17 damage)
             ... with an accursed screaming
             ... on level 3 of the Abyss.
             The game lasted 01:47:41 (37266 turns).

Peloso the Peltast (Minotaur Fighter)              Turns: 37266, Time: 01:47:41

Health: -14/160    AC: 30    Str: 24    XL:     17   Next: 47%
Magic:  0/17       EV: 10    Int:  8    God:    Okawaru [******]
Gold:   4255       SH: 16    Dex: 14    Spells: 16/16 levels left

rFire    . . .     SeeInvis +   b - +4 scimitar (flame)
rCold    x . .     Gourm    +   c - +0 shield
rNeg     . . .     Faith    .   z - +9 plate armour of Resonance {rC- rCorr SInv}
rPois    +         Spirit   +   Z - +2 hat {Int+3}
rElec    .         Reflect  .   C - scarf {Spirit}
rCorr    +         Harm     .   s - +0 pair of gloves
MR       +....     Clarity  +   N - +1 pair of boots {Stlth+}
Stlth    ..........             u - amulet of the gourmand
HPRegen  0.36/turn              l - ring of flight
MPRegen  0.15/turn              v - ring of poison resistance

@: about to teleport
A: retaliatory headbutt, horns 2, yellow scales 1, clarity, deformed body,
deterioration 1
a: Heroism, Finesse, Renounce Religion, Evoke Flight


You were on level 3 of the Abyss.
You worshipped Okawaru.
Okawaru was exalted by your worship.
You were very full.

You visited 6 branches of the dungeon, and saw 29 of its levels.
You visited the Abyss 1 time.
You also visited: Bailey and Ice Cave.

You collected 4706 gold pieces.
You spent 451 gold pieces at shops.

Inventory:

Hand Weapons
 a - the +7 long sword of Sosadgho {elec, Str+2}
   (Okawaru gifted it to you on level 6 of the Lair of Beasts)

   Occasionally, upon striking a foe, it will discharge some electrical energy
   and cause terrible harm.
   It affects your strength (+2).
 b - a +4 scimitar of flaming (weapon)
 x - the +8 long sword "Agrug" {holy, *Rage rN++ Int+3}
   (You bought it in a shop on level 11 of the Dungeon)

   It has been blessed by the Shining One to cause great damage to the undead
   and demons.
   It affects your intelligence (+3).
   It greatly protects you from negative energy.
   It may make you go berserk in combat.
 Q - a +3 scimitar of slicing
Armour
 c - a +0 shield (worn)
 i - a +0 cloak
 j - the +1 plate armour of the Depths {Slay+2}
   (Okawaru gifted it to you on level 1 of the Swamp)

   It affects your accuracy and damage with ranged weapons and melee attacks
   (+2).
 s - a +0 pair of gloves (worn)
 z - the +9 plate armour of Resonance (worn) {rC- rCorr SInv}
   (Okawaru gifted it to you on level 13 of the Dungeon)

   It makes you vulnerable to cold.
   It lets you see invisible.
   It provides partial protection from all sources of acid and corrosion.
 C - a scarf of spirit shield (worn)
 D - the +1 chain mail "Vaevec" {Dex+2 SInv}
   (You found it on level 2 of the Spider Nest)

   It affects your dexterity (+2).
   It lets you see invisible.
 N - a +1 pair of boots of stealth (worn)
 P - +0 swamp dragon scales
 Z - a +2 hat of intelligence (worn)
Jewellery
 l - a ring of flight (left hand)
 n - an uncursed ring of wizardry {unknown}
 u - an amulet of the gourmand (around neck)
 v - a ring of poison resistance (right hand)
 E - an uncursed ring of protection from fire
 L - a +2 ring of dexterity
 R - an uncursed ring of stealth {unknown}
 Y - an uncursed ring of protection from cold
Wands
 A - a wand of flame (35)
 F - a wand of random effects (11)
 O - a wand of digging (4)
Scrolls
 e - 6 scrolls of magic mapping
 g - 4 scrolls of identify
 h - 10 scrolls of remove curse
 m - a scroll of brand weapon
 r - a scroll of vulnerability {unknown}
 y - 2 scrolls of enchant armour
 B - 2 scrolls of amnesia
 G - 2 scrolls of random uselessness {unknown}
 H - 7 scrolls of teleportation
 I - 4 scrolls of acquirement {unknown}
 J - a scroll of torment {unknown}
 V - a scroll of holy word {unknown}
Potions
 d - 4 potions of might
 k - 3 potions of haste
 o - 4 potions of curing
 p - 5 potions of agility
 q - a potion of mutation
 t - 3 potions of heal wounds
 w - 4 potions of flight
 K - a potion of magic
 M - a potion of berserk rage
Comestibles
 f - 49 rations


   Skills:
 + Level 16.8 Fighting
 + Level 18.5 Long Blades
 + Level 5.1 Throwing
 + Level 16.5 Armour
 + Level 5.2 Dodging
 + Level 1.5 Stealth
 + Level 19.6 Shields
 + Level 0.7 Unarmed Combat
 + Level 2.4 Invocations
 + Level 1.5 Evocations


You had 16 spell levels left.
You didn't know any spells.
Your spell library contained the following spells:

 Spells                   Type           Power        Failure   Level  Hunger
 Animate Skeleton         Necr           N/A          97%         1    ##.....
 Apportation              Tloc           #.....       97%         1    ##.....
 Confusing Touch          Hex            #.....       97%         1    ##.....
 Corona                   Hex            #......      97%         1    ##.....
 Infusion                 Chrm           #...         97%         1    ##.....
 Magic Dart               Conj           #...         97%         1    ##.....
 Pain                     Necr           #...         97%         1    ##.....
 Sandblast                Erth           #.....       97%         1    ##.....
 Summon Small Mammal      Summ           #...         97%         1    ##.....
 Blink                    Tloc           N/A          99%         2    ###....
 Call Imp                 Summ           #.......     99%         2    ###....
 Passwall                 Tmut/Erth      #.......     99%         2    ###....
 Shroud of Golubria       Chrm/Tloc      #.....       99%         2    ###....
 Slow                     Hex            #.......     99%         2    ###....
 Song of Slaying          Chrm           #.......     99%         2    ###....
 Confuse                  Hex            #.......     100%        3    ####...
 Conjure Flame            Conj/Fire      #.......     100%        3    ####...
 Gell's Gravitas          Tloc           #.........   100%        3    ####...
 Inner Flame              Hex/Fire       #.......     100%        3    ####...
 Mephitic Cloud           Conj/Pois/Air  #.......     100%        3    ####...
 Portal Projectile        Hex/Tloc       #.....       100%        3    ####...
 Recall                   Summ/Tloc      N/A          100%        3    ####...
 Regeneration             Chrm/Necr      #.........   100%        3    ####...
 Spectral Weapon          Hex/Chrm       #.......     100%        3    ####...
 Stone Arrow              Conj/Erth      #.....       100%        3    ####...
 Vampiric Draining        Necr           #.........   100%        3    ####...
 Animate Dead             Necr           N/A          100%        4    #####..
 Cause Fear               Hex            #.........   100%        4    #####..
 Leda's Liquefaction      Hex/Erth       #.........   100%        4    #####..
 Petrify                  Tmut/Erth      #.......     100%        4    #####..
 Bolt of Magma            Conj/Fire/Erth #.........   100%        5    ######.
 Borgnjor's Vile Clutch   Necr/Erth      #.........   100%        5    ######.
 Lee's Rapid Deconstruct  Erth           #.........   100%        5    ######.
 Metabolic Englaciation   Hex/Ice        #.........   100%        5    ######.
 Silence                  Hex/Air        #.........   100%        5    ######.
 Yara's Violent Unravell  Hex/Tmut       #.........   100%        5    ######.
 Death Channel            Necr           #.........   100%        6    #######
 Deflect Missiles         Chrm/Air       #.........   100%        6    #######
 Iron Shot                Conj/Erth      #.........   100%        6    #######
 Simulacrum               Ice/Necr       #.........   100%        6    #######
 Statue Form              Tmut/Erth      #........    100%        6    #######
 Discord                  Hex            #.........   100%        8    #######
 Shatter                  Erth           #.........   100%        9    #######


Dungeon Overview and Level Annotations

Branches:
Dungeon (15/15)            Temple (1/1) D:7            Lair (6/6) D:8
  Swamp (3/4) Lair:2       Spider (2/4) Lair:4        Slime (0/5) Lair:5
    Orc (2/2) D:12            Elf (0/3) Orc:2        Vaults (0/5) D:14
 Depths (0/5) D:15

Altars:
Ashenzari
Cheibriados
Dithmenos
Fedhas
Gozag
Hepliaklqana
Kikubaaqudgha
Makhleb
Nemelex Xobeh
Okawaru
Qazlal
Ru
Trog
Vehumet
Wu Jian
Xom
Zin
The Shining One
Beogh

Shops:
D:11 *   D:13 [   D:14 [   Orc:1 [   Orc:2 (*[*}

Annotations:
Swamp:3 Louise


Innate Abilities, Weirdness & Mutations

You reflexively headbutt those who attack you in melee.
You have a pair of horns on your head.
You are partially covered in yellow scales. (AC +2)
You possess an exceptional clarity of mind.
Armour fits poorly on your strangely shaped body.
Your body sometimes deteriorates upon taking damage.


Message History

* * * LOW HITPOINT WARNING * * *
A deafening chorus of shrieks assaults your mind!
* * * LOW HITPOINT WARNING * * *
A starcursed mass splits.
You feel your health improve.
A starcursed mass splits.
A deafening chorus of shrieks assaults your mind!
* * * LOW HITPOINT WARNING * * *
You suddenly lose the ability to move!
You can move again.
An apocalypse crab comes into view.
A starcursed mass splits.
A cacophony of accursed wailing tears at your sanity!
* * * LOW HITPOINT WARNING * * *
You block the starcursed mass's attack.
A stone giant skeleton comes into view.
A starcursed mass splits. x2
The starcursed mass engulfs you but does no damage.
A cacophony of accursed wailing tears at your sanity!
You die...

# ♣♣♣ ♣♣♣.♣♣ ♣....♣ ♣♣♣
♣.≈≈.♣♣ ♣.. Z ♣≈...♣ ♣
.≈≈ ♣♣♣♣♣♣≈♣♣♣♣♣♣ ≈≈
≈.≈..♣♣♣XXXX..$.≈♣≈... ≈
≈≈≈≈...@XXX≈≈≈≈≈≈≈♣. ..≈
≈≈≈≈...X#X≈≈≈≈≈≈≈.♣♣≈≈♣≈
..≈≈≈..≈≈≈X≈≈≈≈≈≈..♣♣♣♣≈
.≈≈≈≈≈..≈≈≈≈≈≈≈#≈ . ≈ .≈
.≈≈≈.≈♣t≈≈≈.....≈≈≈.≈≈≈
.≈≈≈≈♣♣♣...≈...≈≈≈♣♣. ≈
...♣♣ ≈..≈♣.≈≈.≈≈♣♣ ≈.
..♣ ...≈≈≈≈♣ ♣♣ ♣ ♣


You could see 10 starcursed masses, an apocalypse crab and a stone giant
skeleton (wandering).

Vanquished Creatures
  Saint Roka (Orc:2)
  Rupert (D:12)
  Jorgrun (Orc:1)
  Frances (Swamp:1)
  Kirke (Swamp:3)
  Roxanne (Swamp:3)
  A ghost moth (Spider:2)
  An orc warlord (Orc:2)
  4 entropy weavers
  A very ugly thing (Swamp:1)
  Nessos (Orc:2)
  Snorg (D:12)
  Josephine (D:13)
  4 vault guards (D:14)
  2 shambling mangroves
  5 hydras
  2 ghost crabs (Swamp:1)
  6 centaur warriors
  2 ice dragons (IceCv)
  Erica (D:10)
  7 alligators
  5 two-headed ogres
  A dancing weapon (Abyss:3)
  A catoblepas (D:12)
  A death knight (D:14)
  A queen ant (Spider:2)
  A thrashing horror (Abyss:3)
  6 death yaks (Lair:6)
  Urug (D:12)
  A vampire mage (D:15)
  4 orc high priests
  3 spriggans
  Sonja (Orc:1)
  A wretched star (Abyss:3)
  A skeletal warrior (D:15)
  A large abomination (Abyss:3)
  A swamp dragon (Swamp:3)
  4 orc knights
  2 necromancers
  5 cyclopes
  12 ugly things
  An iron dragon zombie (D:15)
  13 orb spiders
  2 orc sorcerers (Orc:2)
  13 wolf spiders
  4 oklob plants (Lair:3)
  A stone giant zombie (D:15)
  14 elephants
  2 deep elf magi
  3 manticores
  Maurice (D:12)
  A guardian serpent (Lair:6)
  2 torpor snails
  An apocalypse crab (Abyss:3)
  2 ice statues (IceCv)
  8 black mambas
  Joseph (D:7)
  5 centaur skeletons
  24 spiny frogs
  2 gargoyles
  2 rime drakes (IceCv)
  3 demonic crawlers
  2 efreet (D:15)
  2 freezing wraiths
  7 komodo dragons
  2 ancient zymes (Abyss:3)
  A guardian mummy (D:15)
  21 jumping spiders
  9 trolls
  6 tyrant leeches
  3 bog bodies (Swamp:2)
  8 hornets
  10 blink frogs
  7 slime creatures
  An ettin zombie (D:15)
  4 raiju (Abyss:3)
  7 hippogriffs
  An ice dragon zombie (D:15)
  A hippogriff (shapeshifter) (D:14)
  20 dream sheep
  2 vampires
  6 flying skulls (Abyss:3)
  6 shadows
  28 redbacks
  10 tarantellas
  14 wyverns
  5 wraiths
  4 basilisks
  A basilisk (shapeshifter) (D:14)
  40 yaks
  5 hungry ghosts
  2 small abominations (Abyss:3)
  2 hogs (Swamp:3)
  21 vampire mosquitoes
  14 swamp worms
  15 wargs
  8 insubstantial wisps
  25 soldier ants
  An acid dragon (D:14)
  22 water moccasins
  6 porcupines
  A black bear (D:7)
  41 orc warriors
  4 swamp drakes
  2 sky beasts
  2 phantoms
  25 ice beasts
  An eye of draining (D:10)
  20 ogres
  22 centaurs
  5 wolves (Lair:6)
  2 big kobolds
  14 crocodiles
  Blork the orc (D:5)
  18 bullfrogs
  A wyvern skeleton (D:6)
  2 scorpions
  A water moccasin skeleton (D:8)
  12 killer bees
  12 wights
  5 howler monkeys
  An electric eel (Lair:5)
  2 crimson imps
  A quasit (D:5)
  2 bullfrog zombies (D:12)
  2 centaur zombies
  9 hounds
  17 jellies
  43 orc priests
  3 bullfrog skeletons
  5 iguanas
  22 orc wizards
  25 worker ants
  2 yak simulacra (Lair:5)
  5 polar bear simulacra (Lair:5)
  A wolf simulacrum (Lair:5)
  A hound skeleton (D:4)
  2 gnolls (D:7)
  14 adders
  2 shadow imps
  A white imp (Abyss:3)
  3 worms
  5 dart slugs
  5 leopard geckos
  136 orcs
  7 bats
  4 giant cockroaches
  19 goblins
  22 hobgoblins
  2 jackals (D:2)
  2 quokkas
  2 ball pythons
  A ball python zombie (D:6)
  5 frilled lizards
  2 jackal skeletons
  41 kobolds
  13 rats
  3 river rat simulacra (Lair:5)
  5 fungi
  A plant (Lair:1)
1181 creatures vanquished.

Vanquished Creatures (others)
  An alligator (Swamp:1)
  A spriggan (Swamp:1)
  A hornet (Swamp:1)
  A soldier ant (Spider:2)
  13 fungi
  17 plants
  5 withered plants (D:15)
39 creatures vanquished.

Grand Total: 1220 creatures vanquished

Notes
Turn   | Place    | Note
-------+----------+-------------------------------------------
     0 | D:1      | Peloso the Minotaur Fighter began the quest for the Orb.
     0 | D:1      | Reached XP level 1. HP: 19/19 MP: 0/0
   219 | D:1      | Reached XP level 2. HP: 20/27 MP: 1/1
   232 | D:1      | Reached skill level 4 in Shields
   697 | D:1      | Gained mutation: You possess an exceptional clarity of
                  | mind. [potion of mutation]
   697 | D:1      | Gained mutation: You are partially covered in yellow
                  | scales. (AC +2) [potion of mutation]
   974 | D:2      | Found a bloodstained altar of Trog.
   977 | D:2      | Reached XP level 3. HP: 31/33 MP: 2/2
  1714 | D:3      | Found a sacrificial altar of Ru.
  1722 | D:3      | Reached skill level 5 in Armour
  1722 | D:3      | Reached XP level 4. HP: 39/40 MP: 3/3
  1805 | D:3      | Found a faded altar of an unknown god.
  1994 | D:3      | Found an ancient bone altar of Kikubaaqudgha.
  2071 | D:3      | Found a shimmering altar of Xom.
  2071 | D:3      | Found a shadowy altar of Dithmenos.
  2116 | D:3      | Found an ornate altar of the Wu Jian Council.
  2328 | D:4      | Found a snail-covered altar of Cheibriados.
  2443 | D:4      | Reached XP level 5. HP: 42/46 MP: 4/4
  2548 | D:4      | Found a hazy altar of Hepliaklqana.
  2640 | D:4      | Found a blossoming altar of Fedhas.
  2999 | D:4      | Found a glowing golden altar of the Shining One.
  3046 | D:5      | Entered Level 5 of the Dungeon
  3094 | D:5      | Reached skill level 5 in Shields
  3094 | D:5      | Reached XP level 6. HP: 35/52 MP: 5/5
  3226 | D:5      | Noticed Blork the orc
  3242 | D:5      | Killed Blork the orc
  3242 | D:5      | Reached skill level 1 in Dodging
  3414 | D:5      | Reached skill level 5 in Long Blades
  3414 | D:5      | Reached XP level 7. HP: 51/60 MP: 6/6
  3511 | D:5      | Found a burning altar of Makhleb.
  3511 | D:5      | Noticed a blizzard demon
  3751 | D:5      | Reached skill level 6 in Shields
  4164 | D:6      | Reached skill level 5 in Fighting
  4164 | D:6      | Reached XP level 8. HP: 56/68 MP: 7/7
  4323 | D:6      | Noticed a brown ugly thing
  4340 | D:6      | Killed a brown ugly thing
  4340 | D:6      | Reached skill level 7 in Shields
  4815 | D:7      | Found a flagged portal.
  4825 | Bailey   | Entered a bailey
  4868 | Bailey   | Noticed an orc knight
  5298 | Bailey   | Reached skill level 1 in Throwing
  5298 | Bailey   | Reached XP level 9. HP: 75/75 MP: 8/8
  5405 | Bailey   | Killed an orc knight
  5466 | Bailey   | Got a twisted dagger
  5503 | Bailey   | Identified the cursed +2 dagger of False Accusations
                  | {freeze, rN+ Dex+3} (You found it in a bailey)
  5613 | D:7      | Found a staircase to the Ecumenical Temple.
  5620 | D:7      | Reached skill level 8 in Shields
  5620 | D:7      | Reached skill level 1 in Evocations
  5633 | Temple   | Entered the Ecumenical Temple
  5696 | Temple   | Became a worshipper of Warmaster Okawaru
  5979 | D:7      | Reached skill level 5 in Throwing
  6263 | D:7      | Got a crude hunting sling
  6264 | D:7      | Identified the +4 hunting sling "Eviscerator" {velocity,
                  | rElec MR- Int+2} (You found it on level 7 of the Dungeon)
  6503 | D:7      | Reached * piety under Okawaru
  6622 | D:7      | Reached skill level 9 in Shields
  6839 | D:7      | Reached XP level 10. HP: 31/83 MP: 9/9
  6847 | D:7      | Reached skill level 10 in Long Blades
  7109 | D:8      | Noticed Joseph
  7267 | D:7      | Killed Joseph
  7267 | D:7      | Reached ** piety under Okawaru
  7699 | D:8      | Found a staircase to the Lair.
  7736 | D:9      | Noticed a two-headed ogre
  7746 | D:9      | Killed a two-headed ogre
  7746 | D:9      | Reached skill level 10 in Shields
  7883 | D:9      | Reached *** piety under Okawaru
  8106 | D:10     | Entered Level 10 of the Dungeon
  8149 | D:10     | Noticed a two-headed ogre
  8157 | D:10     | Killed a two-headed ogre
  8498 | D:10     | Reached skill level 10 in Armour
  8502 | D:10     | Reached **** piety under Okawaru
  8514 | D:10     | Reached XP level 11. HP: 30/92 MP: 10/10
  9369 | D:10     | Noticed Erica
  9377 | D:10     | Killed Erica
  9550 | D:11     | Reached skill level 11 in Shields
  9573 | D:11     | Reached ***** piety under Okawaru
  9576 | D:11     | Received a gift from Okawaru
  9987 | D:11     | Found Polosto's Assorted Antiques.
 10001 | D:11     | Bought a fine long sword for 229 gold pieces
 10002 | D:11     | Identified the +8 long sword "Agrug" {holy, *Rage rN++
                  | Int+3} (You bought it in a shop on level 11 of the Dungeon)
 10006 | D:11     | Bought a pair of glowing boots for 202 gold pieces
 10367 | Lair:1   | Entered Level 1 of the Lair of Beasts
 10372 | Lair:1   | Received a gift from Okawaru
 10464 | Lair:1   | You fall into a shaft and drop 1 floor!
 10807 | Lair:2   | Received a gift from Okawaru
 10971 | Lair:2   | Found a staircase to the Swamp.
 11239 | Lair:2   | Noticed a five-headed hydra
 11679 | Lair:2   | Killed a ten-headed hydra
 11679 | Lair:2   | Reached XP level 12. HP: 41/104 MP: 11/11
 12459 | Lair:1   | Reached skill level 12 in Shields
 13146 | Lair:3   | Noticed a four-headed hydra
 13153 | Lair:3   | Killed a one-headed hydra
 13153 | Lair:3   | Reached ****** piety under Okawaru
 13153 | Lair:3   | Received a gift from Okawaru
 13153 | Lair:3   | Reached skill level 10 in Fighting
 13548 | Lair:3   | You fall into a shaft and drop 3 floors!
 13548 | Lair:6   | Entered Level 6 of the Lair of Beasts
 13558 | Lair:6   | Noticed a six-headed hydra
 13566 | Lair:6   | Killed a three-headed hydra
 13851 | Lair:4   | Received a gift from Okawaru
 13905 | Lair:4   | Found a frozen archway.
 13947 | IceCv    | Entered an ice cave
 13958 | IceCv    | Reached XP level 13. HP: 72/115 MP: 12/12
 14838 | Lair:4   | Reached skill level 13 in Shields
 15544 | Lair:4   | Reached skill level 15 in Long Blades
 15912 | Lair:4   | Found a hole to the Spider Nest.
 16089 | Lair:5   | Found a staircase to the Slime Pits.
 16384 | Lair:5   | Received a gift from Okawaru
 16848 | D:12     | Noticed Rupert
 16872 | D:12     | Killed Rupert
 17251 | D:12     | Received a gift from Okawaru
 17305 | D:12     | Noticed Snorg
 17315 | D:12     | Killed Snorg
 17708 | D:12     | Found an ornate altar of the Wu Jian Council.
 17880 | D:12     | Noticed Maurice
 17894 | D:12     | Reached skill level 14 in Shields
 17931 | D:12     | Killed Maurice
 18035 | D:12     | Noticed Urug
 18049 | D:12     | Killed Urug
 18099 | D:12     | Received a gift from Okawaru
 18272 | D:12     | Found a staircase to the Orcish Mines.
 18414 | D:13     | Reached skill level 1 in Invocations
 18528 | D:13     | Reached XP level 14. HP: 124/126 MP: 13/13
 18530 | D:13     | Received a gift from Okawaru
 18546 | D:13     | Got a bloodstained plate armour {god gift}
 18557 | D:13     | Identified the +9 plate armour of Resonance {rC- rCorr
                  | SInv} (Okawaru gifted it to you on level 13 of the Dungeon)
 18605 | D:13     | Found Duinaode's Armour Emporium.
 18816 | D:13     | You fall into a shaft and drop 1 floor!
 18921 | D:13     | Reached skill level 1 in Stealth
 19053 | D:13     | Noticed Josephine
 19079 | D:13     | Killed Josephine
 19910 | D:14     | Found Ejulo's Antique Armour Boutique.
 20079 | D:14     | Reached skill level 15 in Shields
 20146 | D:14     | You fall into a shaft and drop 1 floor!
 20146 | D:15     | Entered Level 15 of the Dungeon
 20198 | D:15     | Found a staircase to the Depths.
 20475 | D:14     | Found a gate to the Vaults.
 21444 | D:15     | Received a gift from Okawaru
 21971 | D:15     | Noticed a reaper
 22881 | Orc:1    | Entered Level 1 of the Orcish Mines
 22881 | Orc:1    | Found Zuifyczo's Armour Shop.
 22902 | Orc:1    | Noticed Sonja
 23075 | Orc:1    | Killed Sonja
 23249 | Orc:2    | Entered Level 2 of the Orcish Mines
 23591 | Orc:1    | Reached XP level 15. HP: 137/137 MP: 15/15
 23638 | Orc:2    | Received a gift from Okawaru
 23934 | Orc:2    | Found Ukku Tink's Antique Weapon Emporium.
 23975 | Orc:2    | Reached skill level 16 in Shields
 24308 | Orc:2    | Found a roughly hewn altar of Beogh.
 24452 | Orc:2    | Found Yfit's Gadget Shop.
 24452 | Orc:2    | Found Xusm's Assorted Antiques.
 24467 | Orc:2    | Bought a scroll labeled XICSAI KUCSA for 20 gold pieces
 24479 | Orc:2    | Noticed an orc warlord
 24486 | Orc:2    | Noticed Saint Roka
 24514 | Orc:2    | Killed an orc warlord
 24526 | Orc:2    | Noticed Nessos
 24609 | Orc:2    | Killed Nessos
 25186 | Orc:1    | Noticed Jorgrun
 25220 | Orc:1    | Killed Jorgrun
 25406 | Orc:2    | Received a gift from Okawaru
 25784 | Orc:2    | Killed Saint Roka
 26080 | Orc:2    | Found a staircase to the Elven Halls.
 26507 | Orc:2    | Found Vedghoe's Armour Shop.
 26507 | Orc:2    | Found Haafaig's Assorted Antiques.
 27322 | Lair:6   | Reached skill level 17 in Shields
 27647 | Lair:6   | Reached skill level 15 in Armour
 27697 | Lair:6   | Reached skill level 15 in Fighting
 27785 | Lair:6   | Received a gift from Okawaru
 27880 | Lair:6   | Reached XP level 16. HP: 124/149 MP: 16/16
 27904 | Lair:6   | Got a dazzling long sword {god gift}
 27905 | Lair:6   | Identified the +7 long sword of Sosadgho {elec, Str+2}
                  | (Okawaru gifted it to you on level 6 of the Lair of Beasts)
 29686 | Swamp:1  | Entered Level 1 of the Swamp
 29701 | Swamp:1  | Received a gift from Okawaru
 30621 | Swamp:1  | Got a warped plate armour {god gift}
 30637 | Lair:2   | Identified the +1 plate armour of the Depths {Slay+2}
                  | (Okawaru gifted it to you on level 1 of the Swamp)
 30959 | Swamp:1  | Found a radiant altar of Vehumet.
 31451 | Swamp:1  | Reached skill level 18 in Shields
 31472 | Swamp:1  | Noticed Frances
 31487 | Swamp:1  | Killed Frances
 32015 | Spider:1 | Entered Level 1 of the Spider Nest
 32807 | Spider:1 | Received a gift from Okawaru
 34101 | Spider:2 | Reached skill level 5 in Dodging
 34399 | Spider:2 | Reached XP level 17. HP: 109/158 MP: 15/17
 34583 | Spider:2 | Reached skill level 19 in Shields
 34814 | Spider:2 | Got a faintly humming chain mail
 34825 | Spider:2 | Identified the +1 chain mail "Vaevec" {Dex+2 SInv} (You
                  | found it on level 2 of the Spider Nest)
 36305 | Swamp:3  | Identified Roxanne's Almanac of Transmutation
 36305 | Swamp:3  | Noticed Roxanne
 36385 | Swamp:3  | Received a gift from Okawaru
 36793 | Swamp:3  | Killed Roxanne
 36836 | Swamp:3  | Noticed Kirke
 36853 | Swamp:3  | Killed Kirke
 36866 | Swamp:3  | Noticed Louise
 36873 | Swamp:3  | Cast into level 3 of the Abyss (Louise)
 36873 | Abyss:3  | Found a corrupted altar of Lugonu.
 36902 | Abyss:3  | Gained mutation: Armour fits poorly on your strangely
                  | shaped body. [mutagenic glow]
 36940 | Abyss:3  | Gained mutation: Your body sometimes deteriorates upon
                  | taking damage. [mutagenic glow]
 37264 | Abyss:3  | Paralysed by accursed screaming for 1 turns
 37265 | Abyss:3  | HP: 3/160 [starcursed mass/accursed screaming (10)]
 37266 | Abyss:3  | Killed from afar by a starcursed mass

Levels and vault maps discovered:
D:1:      evilmike_arrival_rings, layout_basic, st_stairs_9
D:2:      layout_basic, first_ration, bloody_trog
D:3:      layout_basic, kiku_gazebo_pond_becter,
          nicolae_ru_great_annihilating_truth, overflow_temple_1_default,
          gammafunk_temple_overflow_elements, chequers_ecumenical_altar_island
D:4:      layout_basic, kennysheep_slug_shrine, tso_altar,
          fedhas_ov_isle_minmay, nicolae_overflow_crystal_walls
D:5:      layout_basic, makhleb_altar_promises_db, hangedman_decor_push,
          uniq_blork_the_orc
D:6:      layout_cave_pods, minmay_circle_x
D:7:      corexii_shantytown, layout_cave_pods,
          minmay_temple_entry_gardened_gates, enter_bailey_2
D:8:      layout_rooms, lair_entry_dummy, minmay_misc_feat_more_columns,
          uniq_joseph
D:9:      layout_rooms
D:10:     layout_stronghold, grunt_ogre_cave, uniq_erica
D:11:     layout_long_grid, serial_shops, nicolae_shop_statue_plus
D:12:     minmay_angry_zag, layout_basic, david_orc_4, basic_altar, uniq_snorg,
          uniq_maurice, uniq_rupert, uniq_urug
D:13:     layout_basic, serial_shops, nicolae_shop_stone, uniq_josephine
D:14:     layout_loops_ring, lightli_vaults_fourway_checkpoint, serial_shops,
          nicolae_shop_behind_doors
D:15:     gammafunk_depths_entry_grave, layout_stronghold,
          minmay_misc_feat_pillars
Temple:   hc_temple_tempest_star
Lair:1:   layout_gridlike
Lair:2:   layout_chaotic_city, minmay_swamp_entry_wisps
Lair:3:   layout_small_grid, st_stairs_5, infiniplex_staircase_pool,
          minmay_lair_oklob_chamber
Lair:4:   layout_cave_pods, spider_nest_entry_webs,
          portal_ice_cave_entry_ice_beasts, st_stairs_9, lemuel_fruit_tree,
          grunt_megastairs_1, serial_bayou_shore_b
Lair:5:   layout_long_grid, minmay_slime_entry_jelly_boxes,
          eino_house_with_fridge, serial_bayou_shore_a, grunt_megastairs_2
Lair:6:   hangedman_lair_tendril_chambers, layout_regular_city
Swamp:1:  layout_falls_marsh, lemuel_altar_in_water, uniq_frances
Swamp:2:  layout_basic_swamp, evilmike_swamp_ruin_house_3, swamp_pool2
Swamp:3:  layout_basic_swamp, gammafunk_ghost_necromancy, serial_swamp_ruin,
          evilmike_swamp_ruin_house_4, evilmike_swamp_ruin_rubble_1,
          swamp_pool3, uniq_louise, uniq_roxanne, uniq_kirke
Spider:1: layout_spider_delve, nicolae_spider_webs_and_nodes
Spider:2: layout_spider_delve, minivault_29
Orc:1:    layout_caves, serial_shops, nicolae_shop_competitors_out_of_business,
          uniq_sonja, uniq_jorgrun
Orc:2:    st_orc_town, layout_caves, serial_shops, shop_fountains, uniq_nessos,
          uniq_saint_roka
Abyss:3:  evilmike_abyss_rune_tso_outpost

Skill      XL: |  1  2  3  4  5  6  7  8  9 10 11 12 13 14 15 16 17 |
---------------+----------------------------------------------------+-----
Armour         | 4 5 6 7 8 10 11 12 13 14 15 16 | 16.5
Shields        | 4 5 6 7 9 10 11 12 14 15 17 18 19 | 19.6
Fighting       | 4 5 6 7 9 10 12 13 15 16 | 16.8
Long Blades    | 3 5 6 8 9 11 13 14 15 16 17 18 | 18.5
Dodging        | 2 3 4 5 |  5.2
Throwing       | 1 5 |  5.1
Evocations     | 1 |  1.5
Invocations    | 1 2 |  2.4
Stealth        | 1 |  1.5
Unarmed Combat | |  0.7

Action                   |  1- 3 |  4- 6 |  7- 9 | 10-12 | 13-15 | 16-18 || total
-------------------------+-------+-------+-------+-------+-------+-------++-------
Melee: Long sword        |   107 |   141 |   117 |   115 |   658 |   142 ||  1280
       Headbutt          |    19 |    35 |    74 |   147 |   461 |   276 ||  1012
       Falchion          |       |       |   228 |   217 |       |       ||   445
       Scimitar          |       |       |       |   312 |  1023 |   935 ||  2270
       Unarmed           |       |       |       |       |     5 |       ||     5
Throw: Boomerang         |       |       |   268 |       |       |       ||   268
Invok: Heroism           |       |       |       |     3 |    17 |     4 ||    24
       Finesse           |       |       |       |       |     1 |     1 ||     2
Evoke: Wand              |       |       |    12 |       |    10 |       ||    22
  Use: Potion            |     2 |       |     2 |     1 |     5 |     4 ||    14
       Scroll            |       |     6 |     5 |     6 |    12 |     8 ||    37
 Stab: Petrifying        |       |       |       |       |       |     1 ||     1
  Eat: Chunk             |     2 |    15 |    10 |    35 |    62 |    33 ||   157
       Ration            |       |       |       |       |       |     1 ||     1
Armor: Scale mail        |    63 |    59 |       |       |       |       ||   122
       Chain mail        |       |    20 |    67 |       |       |       ||    87
       Plate armour      |       |       |   246 |   377 |   658 |   707 ||  1988
       Skin              |       |       |       |       |     2 |       ||     2
Dodge: Dodged            |    31 |    48 |   145 |   196 |   413 |   353 ||  1186
Block: Shield            |    57 |    87 |   375 |   382 |  1044 |   915 ||  2860
       Rpst.: Long sword |    11 |    11 |     5 |    11 |    48 |     5 ||    91
       Falchion          |       |       |    10 |    14 |       |       ||    24
       Scimitar          |       |       |       |    21 |    61 |    74 ||   156

Table legend:
 A = Non-vault XP
 B = Vault XP
 C = Vault XP percentage of total XP
 D = Non-vault monster count
 E = Vault monster count
 F = Vault count percentage of total count
                 A         B        C        D         E       F
            +---------+---------+-------+---------+---------+-------
      Total |  171453 |   79500 |  31.7 |     812 |     363 |  30.9
            +---------+---------+-------+---------+---------+-------
        D:1 |      29 |       4 |  12.1 |      19 |       2 |   9.5
        D:2 |      52 |       0 |   0.0 |      26 |       0 |   0.0
        D:3 |      40 |      52 |  56.5 |      19 |       4 |  17.4
        D:4 |     106 |       4 |   3.6 |       6 |       1 |  14.3
        D:5 |     610 |      90 |  12.9 |      16 |       1 |   5.9
        D:6 |    1243 |      93 |   7.0 |      19 |       2 |   9.5
        D:7 |    2138 |     531 |  19.9 |      44 |      33 |  42.9
        D:8 |     868 |       0 |   0.0 |      16 |       0 |   0.0
        D:9 |    1676 |       0 |   0.0 |      15 |       0 |   0.0
       D:10 |    2286 |    1827 |  44.4 |      22 |       2 |   8.3
       D:11 |    4205 |       0 |   0.0 |      29 |       0 |   0.0
       D:12 |    6439 |    6386 |  49.8 |      32 |      25 |  43.9
       D:13 |    3626 |    1910 |  34.5 |      32 |       5 |  13.5
       D:14 |    4998 |    6972 |  58.2 |      20 |      12 |  37.5
       D:15 |   15004 |    4115 |  21.5 |      42 |       8 |  16.0
     Lair:1 |    5394 |       0 |   0.0 |      23 |       0 |   0.0
     Lair:2 |    6649 |     809 |  10.8 |      24 |       5 |  17.2
     Lair:3 |    3805 |    3469 |  47.7 |      17 |      11 |  39.3
     Lair:4 |    5203 |    2718 |  34.3 |      18 |      12 |  40.0
     Lair:5 |    2452 |    1631 |  39.9 |      12 |      28 |  70.0
     Lair:6 |   22683 |   10718 |  32.1 |      65 |      36 |  35.6
    Swamp:1 |   11741 |    1842 |  13.6 |      28 |       1 |   3.4
    Swamp:2 |    8983 |       0 |   0.0 |      21 |       0 |   0.0
    Swamp:3 |    6715 |    4395 |  39.6 |      25 |       4 |  13.8
   Spider:1 |   22400 |       0 |   0.0 |      61 |       0 |   0.0
   Spider:2 |   13041 |    7912 |  37.8 |      30 |      44 |  59.5
      Orc:1 |    3299 |    5997 |  64.5 |      38 |      15 |  28.3
      Orc:2 |    9195 |   10653 |  53.7 |      73 |      59 |  44.7
    Abyss:3 |    6573 |     904 |  12.1 |      20 |       1 |   4.8
     Bailey |       0 |    1086 | 100.0 |       0 |      32 | 100.0
      IceCv |       0 |    5382 | 100.0 |       0 |      20 | 100.0
            +---------+---------+-------+---------+---------+-------
